 Dungeon Crawl Stone Soup version 0.28.0-43-g3370ac3207 (webtiles) character file.

Game seed: 17657710765001798132

46 NinjaNoafa the Skirmisher (level 3, -1/34 HPs)
             Began as a Hill Orc Monk on Mar 30, 2022.
             Was a Priest of Trog.
             Slain by Crazy Yiuf
             ... wielding a +3 quarterstaff of chaos
              (4 damage)
             ... while petrified by Crazy Yiuf
             ... on level 2 of the Dungeon.
             The game lasted 00:09:17 (1617 turns).

NinjaNoafa the Skirmisher (Hill Orc Monk)           Turns: 1617, Time: 00:09:17

Health: -1/34      AC:  2    Str: 13    XL:     3   Next: 68%
Magic:  3/3        EV:  2    Int: 10    God:    Trog [***...]
Gold:   34         SH:  0    Dex: 15    Spells: 2/2 levels left

rFire   . . .      SeeInvis .   h - +0 mace (protect)
rCold   . . .      Faith    .   (no shield)
rNeg    + + +      Spirit   .   b - +0 robe
rPois   ∞          Reflect  .   (no helmet)
rElec   .          Harm     .   (no cloak)
rCorr   .          Rampage  .   (no gloves)
Will    .....                   (no boots)
Stlth   ++........              (no amulet)
HPRegen 0.11/turn               (no ring)
MPRegen 0.08/turn               (no ring)

@: mighty, agile, petrified, invisible
A: no striking features
a: Renounce Religion, Berserk, Trog's Hand


You were on level 2 of the Dungeon.
You worshipped Trog.
Trog was most pleased with you.
You visited 1 branch of the dungeon, and saw 2 of its levels.

You collected 34 gold pieces.

Inventory:

Hand Weapons
 a - a +0 hand axe
 e - a +0 dagger of holy wrath
 h - a +0 mace of protection (weapon)
Missiles
 c - 22 stones (quivered)
 i - a javelin
 j - 18 sling bullets
 k - 19 arrows
Armour
 b - a +0 robe (worn)
Potions
 l - a potion of degeneration {unknown}
 n - a potion of curing {unknown}
 o - a potion of attraction {unknown}


   Skills:
 * Level 4.4 Fighting
 - Level 4.2 Axes
 + Level 0.7(2.2) Maces & Flails
 + Level 0.5 Throwing
 + Level 2.7 Dodging
 + Level 2.0 Stealth


You had 2 spell levels left.
You didn't know any spells.
Your spell library was empty.

Dungeon Overview and Level Annotations

Branches:
Dungeon (2/15)

Altars:
Trog

Annotations:
D:2 Crazy Yiuf


Message History

The endoplasm is lightly wounded.
You hit the endoplasm.
Your weapon exudes an aura of protection.
The endoplasm is severely wounded.
The endoplasm closely misses you.
You hit the endoplasm.
You kill the endoplasm!
Trog accepts your kill.
Found a hand axe.
c - 19 stones (gained 1)
c - 20 stones (gained 1)
c - 21 stones (gained 1)
c - 22 stones (gained 1)
Found a mace.
Found a runed translucent door.
Crazy Yiuf shouts!
You open the door. You hit Crazy Yiuf but do no damage.
Your weapon exudes an aura of protection.
Crazy Yiuf hits you with a +3 quarterstaff of chaos!
You are slowing down.
Crazy Yiuf screams, "Mama!
Hack light ragdoll."
Crazy Yiuf hits you with a +3 quarterstaff of chaos.
You feel agile all of a sudden.
It was a potion of invisibility.
You fade into invisibility!
Crazy Yiuf barely misses you.
Your limbs are stiffening.
Crazy Yiuf closely misses you.
You have turned to stone.
Crazy Yiuf hits you with a +3 quarterstaff of chaos!
Crazy Yiuf freezes you.
Crazy Yiuf screams, "Whiteboard foot down!"
Crazy Yiuf hits you with a +3 quarterstaff of chaos!
You feel very mighty all of a sudden.
Crazy Yiuf screams, "Nubble!"
Crazy Yiuf hits you with a +3 quarterstaff of chaos!
Crazy Yiuf freezes you.
* * * LOW HITPOINT WARNING * * *
Crazy Yiuf hits you with a +3 quarterstaff of chaos!
* * * LOW HITPOINT WARNING * * *
Crazy Yiuf freezes you!
You die...

### #########
#####
.........
#..)# .....#
#...#
.#...### ...
###....# #'#
.#.....# ♣♣g♣
.......# ♣@♣♣
.......# ♣♣.♣
####.########
♣.♣♣
)...........#
♣♣.♣♣
####.######.#
♣...♣♣ #.#
#.# ♣....♣
#.# #.#
#....# #.#
#.# #....#
#.######.#
##...#


You could see Crazy Yiuf.

Vanquished Creatures
  A gnoll (D:2)
  An adder (D:2)
  A dart slug (D:2)
  A bat (D:1)
  3 endoplasms
  2 goblins (D:1)
  A hobgoblin (D:1)
  A quokka (D:1)
  7 ball pythons
  2 frilled lizards (D:1)
  3 kobolds (D:1)
  4 rats (D:1)
27 creatures vanquished.

Vanquished Creatures (others)
  A fungus (D:1)
  A plant (D:1)
2 creatures vanquished.

Grand Total: 29 creatures vanquished

Notes
Turn   | Place    | Note
-------+----------+-------------------------------------------
     0 | D:1      | NinjaNoafa the Hill Orc Monk began the quest for the Orb.
     0 | D:1      | Reached XP level 1. HP: 19/19 MP: 1/1
   243 | D:1      | Reached XP level 2. HP: 25/27 MP: 2/2
  1132 | D:1      | Found a faded altar of an unknown god.
  1143 | D:1      | Prayed at the altar of an unknown god.
  1143 | D:1      | Became a worshipper of Trog the Wrathful
  1143 | D:1      | Reached * piety under Trog
  1143 | D:1      | Reached ** piety under Trog
  1209 | D:2      | Reached XP level 3. HP: 33/33 MP: 3/3
  1558 | D:2      | Reached *** piety under Trog
  1606 | D:2      | Found a runed translucent door.
  1607 | D:2      | Noticed Crazy Yiuf
  1617 | D:2      | Slain by Crazy Yiuf

Illustrated notes

Levels and vault maps discovered:
D:1:      lightli_arrival_maybe_door_vault, layout_basic,
          shapermc_ecumenical_altar_acropolis
D:2:      layout_basic, st_stairs_12, nicolae_figureground_pulse,
          uniq_crazy_yiuf_cottage

Skill      XL: |  1  2  3 |
---------------+----------+-----
Fighting       | 4 |  4.4
Stealth        | 2 |  2.0
Axes           | |  4.2
Maces & Flails | |  0.7
Throwing       | |  0.5
Dodging        | |  2.7

Action                   || total
-------------------------++-------
Melee: Hand axe          ||    11
       Mace              ||    38
Throw: Stone             ||    44
       Javelin           ||     8
  Use: Scroll            ||     2
       Potion            ||     2
Armor: Robe              ||    16
Dodge: Dodged            ||    40
